 Dungeon Crawl Stone Soup version 0.26-a0-259-g1effd001a9 (webtiles) character file.

Game seed: 15019326829752449432

12606 wvc the Carver (level 11, -5/150 HPs)
             Began as a Naga Gladiator on July 15, 2020.
             Was a Believer of Ashenzari.
             Slain by a cane toad (11 damage)
             ... on level 1 of the Lair of Beasts.
             The game lasted 00:37:22 (13622 turns).

wvc the Carver (Naga Gladiator)                    Turns: 13622, Time: 00:37:23

Health: -5/150     AC: 25    Str: 17    XL:     11   Next: 96%
Magic:  11/11      EV:  1    Int: 15    God:    Ashenzari [**....]
Gold:   986        SH:  4    Dex: 15    Spells: 7/10 levels left

rFire    . . .     SeeInvis +   C - +0 short sword (venom)
rCold    . . .     Faith    .   l - +0 buckler
rNeg     + + +     Spirit   .   (armour currently unavailable)
rPois    +         Reflect  .   (helmet currently unavailable)
rElec    .         Harm     .   (cloak currently unavailable)
rCorr    .         NoTele   +   (gloves currently unavailable)
MR       +....                  (no barding)
Stlth    +.........             D - amulet of regeneration (curse)
HPRegen  0.75/turn              j - +6 ring of intelligence
MPRegen  0.12/turn              (no ring)

@: mighty, tree-form
A: large, see invisible, slow metabolism 1, spit poison 1, AC +3
a: Spit Poison, Curse Item, Scrying, Renounce Religion


You were on level 1 of the Lair of Beasts.
You worshipped Ashenzari.
Ashenzari was pleased with you.
You were not hungry.
You were a tree.
You visited 3 branches of the dungeon, and saw 14 of its levels.
You also visited: Ossuary.

You collected 986 gold pieces.

Inventory:

Hand Weapons
 n - a +2 dagger of speed
 o - a +0 great sword
 C - a +0 short sword of venom (weapon)
 F - a +3 long sword
 G - a +0 short sword of protection
Missiles
 p - 7 boomerangs
 t - 62 poisoned darts (quivered)
 A - a throwing net
 L - a curare-tipped dart
Armour
 d - cursed +0 pearl dragon scales (melded)
 k - a +0 kite shield
 l - a +0 buckler (worn)
 y - a +1 hat (melded)
 I - a +1 cloak (melded)
 N - a cursed +2 pair of gloves (melded)
Jewellery
 j - a +6 ring of intelligence (left branch)
 r - an uncursed ring of fire
 D - a cursed amulet of regeneration (around neck)
 H - the amulet of Thoughtfulness {Spirit rF+ Int+4 Dex+3}
   (You found it on level 9 of the Dungeon)

   [amulet of guardian spirit]

   It causes incoming damage to be split between your health and magic.
   It affects your intelligence (+4).
   It affects your dexterity (+3).
   It protects you from fire.
 K - an uncursed ring of wizardry
Wands
 c - a wand of polymorph (9)
 m - a wand of acid (11)
 q - a wand of random effects (23)
 B - a wand of clouds (1)
 M - a wand of enslavement (14)
Scrolls
 u - a scroll of remove curse
 E - 3 scrolls of immolation
 J - a scroll of enchant armour
Potions
 a - a potion of cancellation {unknown}
 b - a potion of lignification
 e - 2 potions of flight
 g - 5 potions of brilliance
 h - a potion of berserk rage {unknown}
 i - 2 potions of mutation {unknown}
 s - 6 potions of stabbing
 w - a potion of might
 x - 12 potions of curing
 z - 4 potions of haste
Miscellaneous
 v - a lightning rod (3/4)
Comestibles
 f - 32 rations


   Skills:
 + Level 7.3 Fighting
 - Level 14.0 Long Blades
 - Level 1.7 Throwing
 + Level 7.1 Armour
 + Level 4.3 Dodging
 - Level 2.4 Shields


You had 7 spell levels left.
You knew the following spells:

 Your Spells              Type           Power        Failure   Level
a - Apportation           Tloc           #.....       26%         1
b - Swiftness             Chrm/Air       #.......     38%         2

Your spell library contained the following spells:

 Spells                   Type           Power        Failure   Level
 Animate Skeleton         Necr           #.....       26%         1
 Beastly Appendage        Tmut           #.....       26%         1
 Corona                   Hex            #......      26%         1
 Shock                    Conj/Air       #...         26%         1
 Summon Small Mammal      Summ           #...         26%         1
 Ensorcelled Hibernation  Hex/Ice        #.....       38%         2
 Sticks to Snakes         Tmut           #.......     38%         2
 Spider Form              Tmut/Pois      #.........   63%         3
 Static Discharge         Conj/Air       #.......     63%         3
 Airstrike                Air            #.........   95%         4
 Ice Form                 Ice/Tmut       #.......     95%         4
 Blade Hands              Tmut           #.........   100%        5
 Borgnjor's Vile Clutch   Necr/Erth      #.........   100%        5
 Lightning Bolt           Conj/Air       #.........   100%        5
 Silence                  Hex/Air        #.........   100%        5
 Darkness                 Hex            #.........   100%        6
 Shadow Creatures         Summ           N/A          100%        6


Dungeon Overview and Level Annotations

Branches:
Dungeon (11/15)            Temple (1/1) D:7            Lair (2/6) D:8
    Orc (0/2) D:10        Ossuary (visited)
  Swamp: Lair:2-4    Shoals: Lair:2-4     Snake: Lair:2-4    Spider: Lair:2-4

Altars:
Ashenzari
Cheibriados
Dithmenos
Elyvilon
Fedhas
Gozag
Hepliaklqana
Kikubaaqudgha
Makhleb
Nemelex Xobeh
Okawaru
Qazlal
Ru
Sif Muna
Trog
Uskayaw
Vehumet
Wu Jian
Xom
Yredelemnul
Zin
The Shining One
Lugonu

Annotations:
D:4 3 runed translucent doors, drasked's ghost, amateur MiBe
D:8 exclusions: electric eel and 1 more exclusion
D:9 3 runed translucent doors, drasked's ghost, novice DEWz
D:10 3 runed translucent doors, Slobodan's ghost, journeyman NaVM


Innate Abilities, Weirdness & Mutations

You cannot wear boots.
((Your serpentine skin is tough. (AC +3)))
You have supernaturally acute eyesight. (SInv)
((Armour fits poorly on your strangely shaped body.))
((Your system is resistant to poisons. (rPois)))
((You cover ground very slowly.))
You have a slow metabolism.
You can spit poison.


Message History

The cane toad is moderately wounded.
The cane toad stings you!
* * * LOW HITPOINT WARNING * * *
There's nothing to close nearby.
Evoke which item? (* to show all) (? for menu, Esc to quit)
Aiming: Corrosive Bolt
Press: ? - help, Shift-Dir - straight line, f/p - cane toad
Aim: a cane toad (noxious fumes, moderately wounded, covered in acid)
The bolt of acid hits the cane toad!
The cane toad is splashed with acid.
The cane toad is severely wounded.
The cane toad stings you but does no damage.
The cane toad stings you!
* * * LOW HITPOINT WARNING * * *
Really quaff the potion of lignification?
You turn into a tree.
Your +1 cloak melds into your body.
Your +1 hat melds into your body.
Your cursed +2 pair of gloves melds into your body.
Your cursed +0 pearl dragon scales melds into your body.
Your roots penetrate the ground.
The cane toad stings you!
You die...

#...... #. ##.....,,
##### ###. #.....
*#...#####... .... **
#P.......... #..*
##.......... #.##
##.[........ * *
#§.#### ##.###.......
** *#○°##P###.##
#....... #....
##°F♣.#..## ##......
#.... #.##....# #......
#.... ####..(## #..PP#.
*#... ##### #..###.
#... #### #..# ##
#...###..#### #..#
#...........########†.#
#
#.............P##...)##
#
#....######.........##
##


You could see a cane toad (corroded).

Vanquished Creatures
  2 hydras (Lair:1)
  A two-headed ogre (D:8)
  Nergalle (Lair:1)
  Psyche (D:10)
  A komodo dragon (Lair:2)
  A polar bear (shapeshifter) (D:10)
  5 blink frogs (Lair:1)
  2 hippogriffs
  2 wyverns (D:9)
  Sigmund (D:3)
  7 yaks
  2 basilisks (Lair:2)
  A vampire mosquito (D:9)
  3 water moccasins
  3 porcupines (Lair:1)
  2 orc warriors
  3 sky beasts
  5 ice beasts
  12 ogres
  A phantom (D:9)
  5 centaurs
  3 crocodiles (Lair:1)
  2 big kobolds
  8 bullfrogs
  4 scorpions
  5 wights (D:9)
  4 killer bees
  A howler monkey (D:7)
  2 bullfrog zombies (D:5)
  A quasit (D:10)
  3 jellies
  4 orc priests
  7 hounds
  5 orc wizards
  2 centaur skeletons (D:9)
  3 bullfrog skeletons
  2 iguanas
  15 worker ants
  A big kobold zombie (Ossuary)
  A hound zombie (D:9)
  8 mummies (Ossuary)
  2 hound skeletons
  A worker ant zombie (D:6)
  2 howler monkey skeletons
  3 gnolls (D:3)
  9 adders
  2 shadow imps
  6 white imps
  3 ufetubi
  3 oozes
  6 dart slugs
  8 leopard geckos
  26 orcs
  5 giant cockroaches
  A gnoll zombie (Ossuary)
  9 goblins
  6 hobgoblins
  4 jackals
  3 quokkas
  8 bats
  8 frilled lizards
  A hobgoblin zombie (Ossuary)
  11 kobolds
  2 kobold zombies (Ossuary)
  A leopard gecko skeleton (D:7)
  3 orc zombies (Ossuary)
  2 quokka skeletons
  3 rats
280 creatures vanquished.

Vanquished Creatures (others)
  2 plants (D:9)
2 creatures vanquished.

Grand Total: 282 creatures vanquished

Notes
Turn   | Place    | Note
-------+----------+-------------------------------------------
     0 | D:1      | wvc the Naga Gladiator began the quest for the Orb.
     0 | D:1      | Reached XP level 1. HP: 19/19 MP: 1/1
   191 | D:1      | Reached XP level 2. HP: 21/26 MP: 2/2
   723 | D:1      | meem: I'm meem, an infobot run by MalcolmRoseGaming: Type
                  | !submeem to keep me in your games; !nomeem to shut me up
                  | forever; !meem for help; !whymeem if you want to know why
                  | meem exists. Visit http://youtube.com/malcolmrosegaming for
                  | more DCSS content.
   949 | D:1      | Reached skill level 4 in Long Blades
  1229 | D:2      | Found a sparkling altar of Nemelex Xobeh.
  1234 | D:2      | Reached XP level 3. HP: 29/32 MP: 3/3
  1823 | D:2      | Reached XP level 4. HP: 37/39 MP: 4/4
  2335 | D:3      | Reached skill level 5 in Long Blades
  2389 | D:3      | Noticed Sigmund
  2400 | D:3      | Killed Sigmund
  2400 | D:3      | Reached skill level 6 in Long Blades
  2400 | D:3      | Reached XP level 5. HP: 37/45 MP: 5/5
  2400 | D:3      | Reached XP level 6. HP: 43/52 MP: 6/6
  2468 | D:3      | Reached skill level 7 in Long Blades
  3979 | D:4      | Learned a level 1 spell: Apportation
  4006 | D:4      | Reached XP level 7. HP: 57/60 MP: 7/7
  4134 | D:4      | Reached skill level 8 in Long Blades
  4162 | D:4      | Found a hazy altar of Hepliaklqana.
  4413 | D:4      | Found a runed translucent gate.
  4413 | D:4      | Found a runed translucent gate.
  4413 | D:4      | Found a runed translucent gate.
  4518 | D:4      | Noticed drasked's ghost (amateur MiBe)
  4762 | D:5      | Entered Level 5 of the Dungeon
  4916 | D:5      | Reached skill level 9 in Long Blades
  5111 | D:5      | Reached XP level 8. HP: 59/67 MP: 8/8
  5538 | D:5      | Found a burning altar of Makhleb.
  5538 | D:5      | Found an iron altar of Okawaru.
  5542 | D:5      | Reached skill level 10 in Long Blades
  5574 | D:5      | Found a radiant altar of Vehumet.
  5576 | D:5      | Found a blossoming altar of Fedhas.
  5583 | D:5      | Found a stormy altar of Qazlal.
  5747 | D:5      | Found an ancient bone altar of Kikubaaqudgha.
  5747 | D:5      | Found a shimmering blue altar of Sif Muna.
  6021 | D:6      | Found a sand-covered staircase.
  6029 | Ossuary  | Entered an ossuary
  6823 | D:6      | You fall into a shaft and drop 3 floors!
  6824 | D:9      | Noticed a wyvern
  6829 | D:9      | Noticed a yak
  6829 | D:9      | Noticed a yak
  6829 | D:9      | Noticed a yak
  6829 | D:9      | Noticed a yak
  7076 | D:7      | Found a staircase to the Ecumenical Temple.
  7210 | D:7      | Reached skill level 11 in Long Blades
  7236 | Temple   | Entered the Ecumenical Temple
  7375 | D:7      | Found a shattered altar of Ashenzari.
  7389 | D:7      | Became a worshipper of Ashenzari the Shackled
  7503 | D:7      | Noticed a hippogriff
  7515 | D:7      | Killed a hippogriff
  7515 | D:7      | Reached XP level 9. HP: 49/73 MP: 9/9
  8022 | D:6      | Reached skill level 12 in Long Blades
  8450 | D:6      | Reached * piety under Ashenzari
  8537 | D:6      | Found a white marble altar of Elyvilon.
  8831 | D:8      | Noticed a two-headed ogre
  8847 | D:8      | Killed a two-headed ogre
  8847 | D:8      | Reached skill level 13 in Long Blades
  8954 | D:8      | Found a staircase to the Lair.
  9334 | D:8      | Reached XP level 10. HP: 62/80 MP: 10/10
  9441 | D:8      | Found a basalt altar of Yredelemnul.
  9781 | D:8      | Reached skill level 14 in Long Blades
  9827 | D:8      | Reached skill level 1 in Armour
 10097 | D:9      | Identified the amulet of Thoughtfulness {Spirit rF+ Int+4
                  | Dex+3}
 10174 | D:9      | Noticed a cyclops
 10338 | D:9      | Found a glowing golden altar of the Shining One.
 10338 | D:9      | Found an ornate altar of the Wu Jian Council.
 10383 | D:9      | Reached skill level 1 in Shields
 10581 | D:9      | Identified the +1 hunting sling of Taus Xeil {freeze, +Inv}
 10910 | D:9      | Learned a level 2 spell: Swiftness
 10975 | D:9      | Reached XP level 11. HP: 83/93 MP: 11/11
 11050 | D:9      | Found a runed translucent gate.
 11050 | D:9      | Found a runed translucent gate.
 11050 | D:9      | Found a runed translucent gate.
 11051 | D:9      | Noticed drasked's ghost (novice DEWz)
 11051 | D:9      | Noticed a nine-headed hydra
 11051 | D:9      | Noticed a nine-headed hydra
 11091 | D:10     | Entered Level 10 of the Dungeon
 11378 | D:10     | Noticed Psyche
 11395 | D:10     | Killed Psyche
 11395 | D:10     | Reached skill level 5 in Fighting
 11395 | D:10     | Reached skill level 5 in Armour
 11465 | D:10     | Found a staircase to the Orcish Mines.
 11667 | D:10     | Reached ** piety under Ashenzari
 11765 | D:10     | Noticed Slobodan's ghost (journeyman NaVM)
 11766 | D:10     | Found a runed translucent gate.
 11766 | D:10     | Found a runed translucent gate.
 11766 | D:10     | Found a runed translucent gate.
 12564 | Lair:1   | Entered Level 1 of the Lair of Beasts
 13028 | Lair:1   | Noticed Nergalle
 13040 | Lair:1   | Noticed a six-headed hydra
 13401 | Lair:1   | Killed a six-headed hydra
 13416 | Lair:1   | Killed Nergalle
 13604 | Lair:1   | Noticed a seven-headed hydra
 13617 | Lair:1   | Killed a seven-headed hydra
 13621 | Lair:1   | HP: 3/100 [cane toad (16)]
 13622 | Lair:1   | Slain by a cane toad

Illustrated notes

Levels and vault maps discovered:
D:1:      doesnt_arrival_eight_statues, layout_basic, fountainhead
D:2:      layout_basic, old_standard_altar, first_ration
D:3:      layout_basic, kennysheep_generic_room_16, uniq_sigmund
D:4:      layout_basic, lemuel_round_altar, gammafunk_ghost_icy
D:5:      minmay_thinvault, layout_rooms, chequers_temple_overflow_minitemple,
          gammafunk_temple_overflow_wave
D:6:      minmay_chambers_of_threes, layout_loops_ring, marbit_many_paths,
          nicolae_ossuary_entry_monument
D:7:      layout_cave_pools, old_standard_altar, minmay_temple_entry_statues,
          grunt_ogre_cave, hangedman_decor_opposing
D:8:      layout_basic, lemuel_coloured_pillars_altar, lair_entry_dummy,
          minmay_hedge_maze, serial_bayou_lake_a
D:9:      minmay_the_grid_octo_tiled_octocenter [minmay_the_grid_octo_teeth,
          minmay_the_grid_octo_clover_2, minmay_the_grid_octo_vomiting_pacman,
          minmay_the_grid_octo_tetromino_candy,
          minmay_the_grid_octo_prize_square_snowflake,
          minmay_the_grid_square_5x5_eight, minmay_the_grid_square_5x5_minibox,
          minmay_the_grid_square_5x5_checkered,
          minmay_the_grid_square_5x5_tri_point], layout_rooms,
          gammafunk_temple_overflow_pools, gammafunk_ghost_hydra_chop
D:10:     layout_layer_cave, erik_orc_3, ebering_ghost_rock_garden, uniq_psyche
D:11:     layout_roguey
Temple:   corrupted_temple
Lair:1:   layout_layer_cave, uniq_gastronok, uniq_nergalle
Lair:2:   layout_roguey, grunt_megastairs_1

Skill      XL: |  1  2  3  4  5  6  7  8  9 10 11 |
---------------+----------------------------------+-----
Long Blades    | 4 6 7 9 11 13 14 | 14.0
Armour         | 4 7 |  7.1
Fighting       | 4 7 |  7.3
Shields        | 2 |  2.4
Dodging        | 4 |  4.3
Throwing       | |  1.7

Action                   |  1- 3 |  4- 6 |  7- 9 | 10-12 || total
-------------------------+-------+-------+-------+-------++-------
Melee: Long sword        |    61 |   149 |   500 |   642 ||  1352
       Dagger            |    25 |       |       |       ||    25
       Short sword       |       |       |       |    32 ||    32
Throw: Throwing net      |       |     3 |     2 |       ||     5
       Dart              |       |    11 |    14 |     6 ||    31
       Boomerang         |       |       |     1 |     5 ||     6
Invok: Curse Item        |       |       |     1 |     2 ||     3
 Abil: Spit Poison       |     1 |     7 |     4 |    13 ||    25
Evoke: Wand              |       |       |     2 |    11 ||    13
       Lightning rod     |       |       |       |     1 ||     1
  Use: Scroll            |       |     9 |    12 |     6 ||    27
       Potion            |       |       |       |     9 ||     9
 Stab: Held in net/web   |       |       |     2 |       ||     2
  Eat: Ration            |     1 |     1 |     4 |     3 ||     9
Armor: Leather armour    |    13 |       |       |       ||    13
       Ring mail         |    24 |    96 |       |       ||   120
       Pearl dragon scal |       |     5 |   283 |   341 ||   629
Dodge: Dodged            |    41 |   110 |   171 |   214 ||   536
Block: Buckler           |       |       |    41 |    92 ||   133
       Rpst.: Long sword |    10 |    38 |    60 |    55 ||   163

Table legend:
 A = Non-vault XP
 B = Vault XP
 C = Vault XP percentage of total XP
 D = Non-vault monster count
 E = Vault monster count
 F = Vault count percentage of total count
                 A         B        C        D         E       F
            +---------+---------+-------+---------+---------+-------
      Total |   13168 |    4841 |  26.9 |     203 |      77 |  27.5
            +---------+---------+-------+---------+---------+-------
        D:1 |      31 |       0 |   0.0 |      14 |       0 |   0.0
        D:2 |     113 |       0 |   0.0 |      19 |       0 |   0.0
        D:3 |     240 |     217 |  47.5 |      32 |       3 |   8.6
        D:4 |     306 |       0 |   0.0 |      10 |       0 |   0.0
        D:5 |     526 |     218 |  29.3 |      18 |      12 |  40.0
        D:6 |     378 |     518 |  57.8 |      10 |       9 |  47.4
        D:7 |     660 |     116 |  14.9 |      14 |       1 |   6.7
        D:8 |    2655 |       0 |   0.0 |      28 |       0 |   0.0
        D:9 |    1515 |    1591 |  51.2 |      20 |      22 |  52.4
       D:10 |    1216 |     879 |  42.0 |      15 |      12 |  44.4
       D:11 |     129 |       0 |   0.0 |       1 |       0 |   0.0
     Lair:1 |    4915 |     769 |  13.5 |      19 |       1 |   5.0
     Lair:2 |     484 |     350 |  42.0 |       3 |       1 |  25.0
    Ossuary |       0 |     183 | 100.0 |       0 |      16 | 100.0
            +---------+---------+-------+---------+---------+-------
